 Dungeon Crawl Stone Soup version 0.25.0-9-g26727b657a (webtiles) character file.

Game seed: 11524016355755204158

349 Delamore the Cudgeler (level 6, 0/37 HPs)
             Began as a Gargoyle Fighter on June 18, 2020.
             Slain by Grinder (1 damage)
             ... while paralysed by Grinder
             ... on level 4 of the Dungeon.
             The game lasted 00:05:02 (3074 turns).

Delamore the Cudgeler (Gargoyle Fighter)            Turns: 3074, Time: 00:05:03

Health: 0/37       AC: 12    Str: 21    XL:     6   Next: 60%
Magic:  6/6        EV:  2    Int:  9    God:
Gold:   181        SH:  0    Dex:  9    Spells: 5/5 levels left

rFire    . . .     SeeInvis .   a - +0 flail
rCold    . . .     Gourm    .   c - +0 kite shield
rNeg     + . .     Faith    .   b - +0 scale mail
rPois    ∞         Spirit   .   (no helmet)
rElec    +         Reflect  .   r - scarf {repulsion}
rCorr    .         Harm     .   (no gloves)
MR       .....                  n - +0 pair of boots
Stlth    +.........             (no amulet)
HPRegen  0.12/turn              h - ring of stealth
MPRegen  0.10/turn              (no ring)

@: paralysed, mighty, repel missiles
A: negative energy resistance 1, electricity resistance, unbreathing,
petrification resistance, rot immunity, AC +4
a: no special abilities


You were on level 4 of the Dungeon.
You were hungry.

You visited 1 branch of the dungeon, and saw 4 of its levels.

You collected 181 gold pieces.

Inventory:

Hand Weapons
 a - a +0 flail (weapon)
Missiles
 e - 5 curare-tipped darts (quivered)
Armour
 b - a +0 scale mail (worn)
 c - a +0 kite shield (worn)
 n - a +0 pair of boots (worn)
 r - a scarf of repulsion (worn)
Jewellery
 h - a ring of stealth (left hand)
Wands
 q - a wand of paralysis (10)
Scrolls
 g - 2 scrolls of fog {unknown}
 i - a scroll of teleportation {unknown}
 l - 2 scrolls of identify {unknown}
 p - a scroll of immolation {unknown}
Potions
 j - a potion of stabbing {unknown}
 k - a potion of lignification {unknown}
 m - a potion of curing {unknown}
 o - 2 potions of haste {unknown}
Comestibles
 f - 10 rations


   Skills:
 - Level 3.2 Fighting
 + Level 6.8 Maces & Flails
 - Level 3.2 Armour
 - Level 3.2 Shields


You had 5 spell levels left.
You didn't know any spells.
Your spell library was empty.

Dungeon Overview and Level Annotations

Branches:
Dungeon (4/15)
 Temple: D:4-7

Altars:
Kikubaaqudgha
Wu Jian
Yredelemnul
The Shining One

Annotations:
D:4 2 transporters, Grinder; TheNamelessOne's ghost, novice FoFi


Innate Abilities, Weirdness & Mutations

You are resistant to torment.
Your stone body is resilient. (AC +4)
You are immune to poison.
You resist negative energy. (rN+)
You are resistant to electric shocks. (rElec)
You can survive without breathing.
You are immune to petrification.
You are immune to rotting.


Message History

Grinder is moderately wounded.
Grinder barely misses you. Grinder hits you but does no damage.
You barely miss Grinder.
Grinder is moderately wounded.
Grinder hits you.
* * * LOW HITPOINT WARNING * * *
You writhe in agony.
* * * LOW HITPOINT WARNING * * *
Your shield and scale mail prevent you from hitting Grinder.
Grinder is moderately wounded.
Grinder gestures at you.
You suddenly lose the ability to move!
Grinder hits you but does no damage. Grinder hits you.
* * * LOW HITPOINT WARNING * * *
Grinder hits you.
* * * LOW HITPOINT WARNING * * *
Grinder says, "There's only one good use for a tongue: cutting it out."
Grinder hits you.
You die...

#.# #.# #.# ##.## #...#
###<..###
######.......########
#######.........@...>.....#
......#.####....5..######.#
#####.#...................#
#.#....###...########.#
#####......# ##.## #.#
...##......## #.# ..#
##..............# ..#
####.........#.# ..#
#..........# #..#


You could see Grinder.

Vanquished Creatures
  The ghost of kelmiir the Skirmisher, an amateur DrBe of Trog (D:3)
  An orc wizard (D:3)
  A worker ant (D:3)
  A hound skeleton (D:3)
  5 adders
  2 worms (D:2)
  A dart slug (D:2)
  A leopard gecko (D:2)
  8 orcs (D:3)
  7 bats
  2 giant cockroaches
  7 goblins
  6 hobgoblins
  12 jackals (D:1)
  2 quokkas (D:2)
  3 ball pythons
  9 frilled lizards
  11 kobolds
  5 rats
85 creatures vanquished.

Notes
Turn   | Place    | Note
-------+----------+-------------------------------------------
     0 | D:1      | Delamore the Gargoyle Fighter began the quest for the Orb.
     0 | D:1      | Reached XP level 1. HP: 14/14 MP: 1/1
    96 | D:1      | Reached XP level 2. HP: 19/19 MP: 2/2
   143 | D:1      | Reached skill level 3 in Maces & Flails
   318 | D:1      | Reached XP level 3. HP: 21/23 MP: 3/3
   992 | D:2      | Reached skill level 4 in Maces & Flails
   998 | D:2      | Reached XP level 4. HP: 22/28 MP: 4/4
  1075 | D:2      | Found an ancient bone altar of Kikubaaqudgha.
  1627 | D:2      | Found a glowing golden altar of the Shining One.
  1894 | D:3      | Found an ornate altar of the Wu Jian Council.
  1987 | D:3      | Found a basalt altar of Yredelemnul.
  2026 | D:3      | Found a runed translucent door.
  2028 | D:3      | Noticed kelmiir's ghost (amateur DrBe)
  2069 | D:3      | Reached skill level 5 in Maces & Flails
  2069 | D:3      | Reached XP level 5. HP: 26/32 MP: 5/5
  2559 | D:3      | Found a glowing golden altar of the Shining One.
  2866 | D:3      | Killed kelmiir's ghost
  2866 | D:3      | Reached skill level 6 in Maces & Flails
  2866 | D:3      | Reached XP level 6. HP: 30/37 MP: 6/6
  2967 | D:4      | Found a transporter.
  2970 | D:4      | Noticed TheNamelessOne's ghost (novice FoFi)
  2985 | D:4      | Found a transporter.
  3035 | D:4      | Noticed Grinder
  3035 | D:4      | Paralysed by Grinder for 7 turns
  3049 | D:4      | Paralysed by Grinder for 3 turns
  3070 | D:4      | Paralysed by Grinder for 5 turns
  3073 | D:4      | HP: 1/37 [Grinder (5)]
  3074 | D:4      | Slain by Grinder

Illustrated notes

Levels and vault maps discovered:
D:1:      lightli_arrival_flooded_house, layout_loops_ring
D:2:      layout_loops_ring, lemuel_doored_altar, tso_oasis_becter
D:3:      layout_basic, nicolae_overflow_hidden_temple,
          lemuel_coloured_pillars_altar, gammafunk_ghost_grave, first_ration,
          tso_altar
D:4:      layout_loops_ring, elyvilon_altar_3, kennysheep_little_box,
          gammafunk_ghost_arena, kennysheep_generic_room_6, uniq_menkaure,
          uniq_grinder

Skill      XL: |  1  2  3  4  5 |
---------------+----------------+-----
Maces & Flails | 3 4 5 6 |  6.8
Fighting       | |  3.2
Armour         | |  3.2
Shields        | |  3.2

Action                   |  1- 3 |  4- 6 || total
-------------------------+-------+-------++-------
Melee: Flail             |   183 |   226 ||   409
  Use: Potion            |       |     1 ||     1
  Eat: Chunk             |     1 |     6 ||     7
Armor: Scale mail        |   121 |    89 ||   210
Dodge: Dodged            |    77 |    51 ||   128
Block: Kite shield       |   112 |    96 ||   208
